 Dungeon Crawl Stone Soup version 0.27-a0-1500-g450c7e4133 (webtiles) character file.

Game seed: 17510940701157517219

2284 freelancePsychic the Basher (level 9, 0/86 HPs)
             Began as a Minotaur Arcane Marksman on July 8, 2021.
             Was an Initiate of Gozag.
             Slain by an orc warrior (19 damage)
             ... on level 5 of the Dungeon.
             The game lasted 00:12:28 (6504 turns).

freelancePsychic the Basher (MiAM)                  Turns: 6504, Time: 00:12:28

Health: 0/86       AC:  6    Str: 18    XL:     9   Next: 17%
Magic:  9/9        EV: 12    Int: 10    God:    Gozag
Gold:   496        SH:  0    Dex: 11    Spells: 9/10 levels left

rFire    . . .     SeeInvis .   e - +5 rapier (venom)
rCold    . . .     Faith    .   (no shield)
rNeg     . . .     Spirit   .   i - +0 scale mail
rPois    .         Reflect  .   (helmet restricted)
rElec    .         Harm     .   (no cloak)
rCorr    .         Rampage  .   (no gloves)
Will     .....                  (no boots)
Stlth    ..........             (no amulet)
HPRegen  0.24/turn              (no ring)
MPRegen  0.11/turn              (no ring)

@: no status effects
A: horns 2, retaliatory headbutt
a: Renounce Religion, Potion Petition, Call Merchant, Bribe Branch


You were on level 5 of the Dungeon.
You worshipped Gozag.
Gozag was aware of your devotion.
You visited 2 branches of the dungeon, and saw 7 of its levels.

You collected 543 gold pieces.
You paid 47 gold pieces to Gozag.

Inventory:

Hand Weapons
 a - a +0 shortbow
 d - a +1 flail
 e - a +5 rapier of venom (weapon)
Missiles
 c - 9 arrows
 n - 8 poisoned darts (quivered)
Armour
 i - a +0 scale mail (worn)
Wands
 j - a wand of flame (13)
Scrolls
 b - a scroll of vulnerability {unknown}
 m - a scroll of identify {@r1}
 o - a scroll of teleportation {unknown}
Potions
 f - a potion of berserk rage {unknown}
 k - a potion of cancellation {unknown}


   Skills:
 + Level 10.6 Fighting
 + Level 11.9 Maces & Flails
 - Level 3.2 Bows
 + Level 8.1 Dodging
 - Level 1.0 Spellcasting
 - Level 2.0 Hexes


You had 9 spell levels left.
You knew the following spells:

 Your Spells              Type           Power      Damage    Failure   Level
a - Corona                Hex            4%         N/A       45%         1

Your spell library contained the following spells:

 Spells                   Type           Power      Damage    Failure   Level
 Slow                     Hex            4%         N/A       61%         2
 Freeze                   Ice            0%         1d3       75%         1
 Inner Flame              Hex/Fire       2%         N/A       93%         3
 Portal Projectile        Hex/Tloc       4%         N/A       93%         3
 Frozen Ramparts          Ice            0%         1d2       98%         3
 Cause Fear               Hex            2%         N/A       99%         4
 Hailstorm                Conj/Ice       0%         3d3       100%        4


Dungeon Overview and Level Annotations

Branches:
Dungeon (6/15)             Temple (1/1) D:4

Altars:
Ashenzari
Cheibriados
Elyvilon
Fedhas
Gozag
Kikubaaqudgha
Nemelex Xobeh
Ru
Uskayaw
Vehumet
Wu Jian
Yredelemnul
Zin

Shops:
D:1 ((=:   D:3 (


Innate Abilities, Weirdness & Mutations

You have a pair of horns on your head.
You reflexively headbutt those who attack you in melee.


Message History

Press: ? - help, Q - select action, (/) - cycle Shift-Dir - straight line, f - orc warrior
Aim: an orc warrior, wielding a +0 war axe and wearing a +0 plate armour (heavily wounded, poisoned, 59% to hit)
You throw a throwing net. The throwing net hits the orc warrior.
The orc warrior is caught in the net!
The orc warrior is heavily wounded.
The orc warrior struggles against the net.
The orc warrior struggles against the net.
You hit the orc warrior but do no damage.
The orc warrior is heavily wounded.
The orc warrior struggles against the net. x2
You barely miss the orc warrior.
The orc warrior is heavily wounded.
The orc warrior looks more healthy.
The orc warrior struggles against the net.
The net rips apart, and the orc warrior comes free!
You closely miss the orc warrior.
The orc warrior is heavily wounded.
The orc warrior barely misses you.
You hit the orc warrior.
The orc warrior is severely wounded.
The orc warrior hits you with a +0 war axe!
You closely miss the orc warrior. Your headbutt misses the orc warrior.
The orc warrior is severely wounded.
The orc warrior barely misses you.
It was a potion of experience.
You feel more experienced!
Your Fighting skill gained 4 levels and is now at level 10!
Your Maces & Flails skill gained 3 levels and is now at level 11!
Your Dodging skill gained 6 levels and is now at level 8!
You have reached level 9!
Your experience leads to an increase in your attributes!
Increase (S)trength, (I)ntelligence, or (D)exterity?
You feel stronger.
The orc warrior hits you with a +0 war axe!
* * * LOW HITPOINT WARNING * * *
As you read the scroll labelled GEUDIRONET, it crumbles to dust.
The scroll dissolves into smoke.
It was a scroll of fog.
The orc warrior hits you with a +0 war axe!!
You die...
Your body crumbles into a pile of gold.

##...#####...# ###...#
#............# ##..##
............## #########...#
.............###..........##
#.........................##
...........................##
...............§..§.........#
...............§§§.........[#
...............§@§§.........#
...............§o§..........##
................§............#
.............................#
.............................#
.............................####
..........)......................
................................#
.............................####


You could see an orc warrior.

Vanquished Creatures
  Eustachio (D:4)
  A water moccasin (D:5)
  Purgy (D:3)
  A phantom (D:5)
  2 kobold brigands (D:6)
  Blork the orc (D:4)
  2 gnoll sergeants
  A scorpion (D:4)
  2 orc priests (D:3)
  Natasha (D:3)
  An iguana (D:5)
  A killer bee zombie (D:6)
  A hound zombie (D:5)
  7 gnolls
  4 adders (D:2)
  A shadow imp (D:6)
  A white imp (D:4)
  An ufetubus (D:5)
  3 worms
  4 dart slugs
  16 orcs
  7 endoplasms
  A giant cockroach (D:2)
  8 goblins
  6 hobgoblins
  5 jackals
  11 kobolds
  3 quokkas
  5 ball pythons
  3 bats
  2 frilled lizards
  6 rats
110 creatures vanquished.

Notes
Turn   | Place    | Note
-------+----------+-------------------------------------------
     0 | D:1      | freelancePsychic the Minotaur Arcane Marksman began the
                  | quest for the Orb.
     0 | D:1      | Reached XP level 1. HP: 16/16 MP: 1/1
   172 | D:1      | Found Amiosuoleb's Jewellery Emporium.
   203 | D:1      | Reached XP level 2. HP: 24/24 MP: 2/2
   295 | D:1      | Found Iffai's Weapon Boutique.
   508 | D:1      | Found Talar's Book Emporium.
   575 | D:1      | Found Moest's Antique Weapon Emporium.
   608 | D:1      | Found a faded altar of an unknown god.
   743 | D:1      | Reached skill level 1 in Maces & Flails
   743 | D:1      | Reached XP level 3. HP: 29/29 MP: 3/3
  1262 | D:2      | Reached skill level 2 in Maces & Flails
  1364 | D:2      | Reached XP level 4. HP: 30/37 MP: 4/4
  1933 | D:3      | Found Fuxoil's Antique Weapon Boutique.
  2096 | D:3      | Reached skill level 3 in Maces & Flails
  2160 | D:3      | Noticed Purgy
  2187 | D:3      | Killed Purgy
  2188 | D:3      | Reached skill level 4 in Maces & Flails
  2188 | D:3      | Reached XP level 5. HP: 46/46 MP: 5/5
  2309 | D:3      | Noticed Natasha
  2319 | D:3      | Killed Natasha
  2551 | D:3      | Reached skill level 5 in Maces & Flails
  2716 | D:3      | Reached XP level 6. HP: 11/52 MP: 6/6
  3416 | D:4      | Found a staircase to the Ecumenical Temple.
  3515 | Temple   | Entered the Ecumenical Temple
  3552 | Temple   | Became a worshipper of Gozag Ym Sagoz the Greedy
  3981 | D:4      | Noticed Eustachio
  4386 | D:4      | Noticed Blork the orc
  4391 | D:4      | Killed Blork the orc
  4392 | D:4      | Reached skill level 6 in Maces & Flails
  4656 | D:5      | Entered Level 5 of the Dungeon
  4711 | D:5      | Reached skill level 5 in Fighting
  4787 | D:4      | Killed Eustachio
  4788 | D:4      | Reached skill level 7 in Maces & Flails
  4788 | D:4      | Reached XP level 7. HP: 51/61 MP: 7/7
  5505 | D:5      | Found a blossoming altar of Fedhas.
  5935 | D:6      | Reached skill level 8 in Maces & Flails
  6184 | D:6      | Reached XP level 8. HP: 60/71 MP: 8/8
  6495 | D:5      | Reached skill level 10 in Fighting
  6495 | D:5      | Reached skill level 11 in Maces & Flails
  6495 | D:5      | Reached XP level 9. HP: 28/86 MP: 9/9
  6504 | D:5      | Slain by an orc warrior

Illustrated notes

Levels and vault maps discovered:
D:1:      ncdulo_halloftheorcs, layout_basic, shapermc_ecumenical_altar_pompeii,
          serial_shops, shop, nicolae_shop_stone, shop_statue,
          nicolae_shop_behind_doors
D:2:      layout_rooms, chequers_decorated_corner, lemuel_old_faithful
D:3:      layout_loops_ring, serial_shops, shop, st_stairs_3, uniq_natasha,
          uniq_purgy
D:4:      layout_basic, minmay_temple_entry_slanted, uniq_blork_the_orc,
          uniq_eustachio
D:5:      layout_layer_cave, lemuel_doored_altar
D:6:      layout_loops_ring, serial_shops, shop
Temple:   compressed_dpeg_triangle_lava_temple

Skill      XL: |  1  2  3  4  5  6  7  8 |
---------------+-------------------------+-----
Bows           | 3 |  3.2
Fighting       | 2 3 4 5 6 10 | 10.6
Maces & Flails | 1 2 4 5 7 8 11 | 11.9
Dodging        | 8 |  8.1
Spellcasting   | |  1.0
Hexes          | |  2.0

Action                   |  1- 3 |  4- 6 |  7- 9 || total
-------------------------+-------+-------+-------++-------
Melee: Whip              |     9 |    90 |       ||    99
       Headbutt          |     1 |    23 |    15 ||    39
       Unarmed           |       |    16 |       ||    16
       Flail             |       |    59 |       ||    59
       Rapier            |       |       |    85 ||    85
 Fire: Shortbow          |   101 |       |       ||   101
Throw: Throwing net      |     1 |     1 |     1 ||     3
 Cast: Corona            |       |     1 |       ||     1
  Use: Scroll            |     4 |     5 |     1 ||    10
       Potion            |     2 |     4 |     1 ||     7
Armor: Robe              |     6 |       |       ||     6
       Scale mail        |    11 |    55 |    37 ||   103
       Skin              |       |    76 |       ||    76
Dodge: Dodged            |    36 |    51 |    35 ||   122

Table legend: (Time is in decaauts)
 A = Elapsed time spent in this place.
 B = Non-inter-level travel time spent in this place.
 C = Inter-level travel time spent in this place.
 D = Time resting spent in this place.
 E = Time spent auto-exploring this place.
 F = Levels seen in this place.
 G = Mean time per level.
                   A        B        C        D        E       F      G
               +--------+--------+--------+--------+--------+-----+--------+
         Total |   6539 |   6198 |    341 |    878 |   4331 |   7 |  934.1 |
       Dungeon |   6486 |   6161 |    325 |    878 |   4297 |   6 | 1081.0 |
        Temple |     52 |     37 |     15 |      0 |     34 |   1 |   52.0 |
               +--------+--------+--------+--------+--------+-----+--------+

Top non-repeatable levels by time:
     D:4: 1705 daAuts
     D:3: 1220 daAuts
     D:5: 1193 daAuts
     D:2: 1075 daAuts
     D:1: 1068 daAuts
     D:6: 222 daAuts
  Temple: 52 daAuts
